[ AOE2 MATCH · #484443854 ]
UnrankedMongols vs Portuguese
[ REPLAY ANALYSIS · EXTRACTED FROM THE RECORDED GAME ]
Feudal
9:41
Castle
22:41
Imperial
—
| APM avg | 21.2 |
| APM peak | 50 |
| eAPM avg | 10.6 |
| Villagers / military | 76 / 45 |
Focus
⚔️ 29.7% · 🌾 70.3%
Camel Scout ×19 · Knight ×9 · Spearman ×9 · Skirmisher ×8
Feudal
10:46
Castle
21:30
Imperial
—
| APM avg | 24.3 |
| APM peak | 66 |
| eAPM avg | 12.7 |
| Villagers / military | 136 / 77 |
Focus
⚔️ 22.2% · 🌾 77.8%
Composite Bowman ×52 · Militia ×17 · Spearman ×4 · Monk ×3 · Warrior Priest ×1
Feudal
11:06
Castle
25:11
Imperial
—
| APM avg | 22.8 |
| APM peak | 56 |
| eAPM avg | 10.8 |
| Villagers / military | 87 / 8 |
Focus
⚔️ 10.5% · 🌾 89.5%
Archer ×7 · Spearman ×1
Feudal
—
Castle
—
Imperial
—
| APM avg | 10.4 |
| APM peak | 48 |
| eAPM avg | 5.1 |
| Villagers / military | 32 / 12 |
Focus
⚔️ 14.4% · 🌾 85.6%
Skirmisher ×9 · Spearman ×3
Feudal
11:01
Castle
15:08
Imperial
33:49
| APM avg | 21.3 |
| APM peak | 51 |
| eAPM avg | 14.4 |
| Villagers / military | 97 / 118 |
Focus
⚔️ 23.6% · 🌾 76.4%
Spearman ×61 · Militia ×36 · Eagle Scout ×15 · Monk ×6
Feudal
9:56
Castle
—
Imperial
—
| APM avg | 14.8 |
| APM peak | 46 |
| eAPM avg | 7.9 |
| Villagers / military | 35 / 6 |
Focus
⚔️ 18.4% · 🌾 81.6%
Scout Cavalry ×5 · Militia ×1
Feudal
12:58
Castle
19:31
Imperial
36:39
| APM avg | 16.8 |
| APM peak | 42 |
| eAPM avg | 8.6 |
| Villagers / military | 47 / 33 |
Focus
⚔️ 26.3% · 🌾 73.7%
Conquistador ×24 · Monk ×5 · Spearman ×4
Feudal
12:12
Castle
18:17
Imperial
36:34
| APM avg | 16.0 |
| APM peak | 40 |
| eAPM avg | 10.2 |
| Villagers / military | 72 / 66 |
Focus
⚔️ 24.3% · 🌾 75.7%
Knight ×66
Match map
Initial resources + every placement click. Lines = walls · curves = elevation contours. ◆ gold · ⬟ stone · ● berries · ✦ relic · ◌ wall gap
Your base· Open — unwalled flank
PePão's base· Open — unwalled flank
Nbzinho's base· Open — 6t gap
Kaizen1554's base· Open — unwalled flank
urso's base· ✓ Closed at 15:08 · 50t walls · no gate
TrozObA's base· Open — 4t gap
Mr. Eko's base· Open — 1t gap
Ramagl's base· Open — unwalled flank
Smoothed initial terrain · ◌ = detected wall gap · hover for details
Inputs per minute
— kaisermaster - - PePão
Build order — kaisermaster
First 150 of 196 actions detected
| 0:00 | Create | Villager (Male) |
| 0:01 | Create | Villager (Male) |
| 0:01 | Create | Villager (Male) |
| 0:01 | Create | Villager (Male) |
| 0:03 | Build | House |
| 0:05 | Build | House |
| 1:28 | Create | Villager (Male) |
| 2:00 | Create | Villager (Male) |
| 2:10 | Build | Lumber Camp |
| 2:24 | Create | Villager (Male) |
| 2:37 | Build | House |
| 2:52 | Create | Villager (Male) |
| 3:00 | Research | Loom |
| 3:17 | Create | Villager (Male) |
| 4:02 | Create | Villager (Male) |
| 4:07 | Build | House |
| 4:31 | Create | Villager (Male) |
| 4:49 | Create | Villager (Male) |
| 5:05 | Create | Villager (Male) |
| 5:29 | Create | Villager (Male) |
| 6:15 | Create | Villager (Male) |
| 6:36 | Build | Mill |
| 6:38 | Create | Villager (Male) |
| 7:04 | Create | Villager (Male) |
| 7:24 | Research | Feudal Age |
| 7:53 | Build | Barracks |
| 8:09 | Build | House |
| 8:38 | Build | Palisade Wall |
| 9:30 | Create | Villager (Male) |
| 9:41 | Age | Feudal Age |
| 9:43 | Build | Archery Range |
| 9:56 | Create | Villager (Male) |
| 10:15 | Build | Farm |
| 10:22 | Create | Spearman |
| 10:27 | Create | Villager (Male) |
| 10:53 | Create | Spearman |
| 11:11 | Create | Villager (Male) |
| 11:11 | Create | Villager (Male) |
| 11:41 | Create | Skirmisher |
| 11:42 | Create | Skirmisher |
| 11:42 | Create | Skirmisher |
| 11:42 | Create | Skirmisher |
| 12:14 | Create | Spearman |
| 12:17 | Build | House |
| 12:39 | Create | Villager (Male) |
| 12:45 | Build | Farm |
| 12:46 | Build | Farm |
| 12:47 | Build | Farm |
| 13:13 | Create | Spearman |
| 14:23 | Build | Farm |
| 14:24 | Build | Farm |
| 14:27 | Build | Farm |
| 14:42 | Create | Spearman |
| 15:05 | Create | Spearman |
| 15:07 | Create | Villager (Male) |
| 15:13 | Build | House |
| 15:19 | Create | Spearman |
| 15:33 | Build | Blacksmith |
| 15:48 | Create | Villager (Male) |
| 15:58 | Build | Archery Range |
| 16:24 | Create | Villager (Male) |
| 16:25 | Build | Farm |
| 16:28 | Build | Farm |
| 16:30 | Create | Villager (Male) |
| 16:33 | Build | House |
| 16:35 | Build | House |
| 16:39 | Build | Palisade Wall |
| 17:02 | Create | Spearman |
| 17:02 | Create | Spearman |
| 17:24 | Create | Villager (Male) |
| 17:27 | Build | Farm |
| 17:27 | Build | Farm |
| 17:29 | Create | Villager (Male) |
| 17:44 | Build | Mining Camp |
| 17:46 | Create | Villager (Male) |
| 17:50 | Build | House |
| 17:51 | Build | House |
| 18:21 | Create | Villager (Male) |
| 18:24 | Build | Farm |
| 18:25 | Build | Farm |
| 18:31 | Build | Farm |
| 18:32 | Build | Farm |
| 18:35 | Build | Farm |
| 18:48 | Create | Villager (Male) |
| 19:16 | Build | Farm |
| 19:32 | Build | Stable |
| 19:36 | Create | Villager (Male) |
| 19:51 | Build | House |
| 19:53 | Build | House |
| 19:58 | Research | Castle Age |
| 20:04 | Research | Double-Bit Axe |
| 20:48 | Build | Stable |
| 20:57 | Create | Villager (Male) |
| 20:58 | Create | Villager (Male) |
| 21:08 | Research | Horse Collar |
| 21:15 | Build | Palisade Wall |
| 21:24 | Build | Palisade Wall |
| 21:32 | Build | Palisade Wall |
| 21:37 | Build | Palisade Wall |
| 21:44 | Research | Gold Mining |
| 22:34 | Create | Villager (Male) |
| 22:41 | Age | Castle Age |
| 22:43 | Create | Knight |
| 22:43 | Create | Knight |
| 23:09 | Build | Stable |
| 23:12 | Create | Knight |
| 23:12 | Create | Knight |
| 23:37 | Build | Farm |
| 23:43 | Create | Villager (Male) |
| 23:47 | Create | Knight |
| 23:48 | Create | Knight |
| 24:02 | Create | Knight |
| 24:03 | Create | Knight |
| 24:04 | Create | Knight |
| 24:08 | Research | Forging |
| 24:08 | Research | Scale Barding Armor |
| 24:11 | Build | Farm |
| 24:22 | Build | House |
| 24:28 | Create | Villager (Male) |
| 24:46 | Create | Camel Scout |
| 24:47 | Create | Camel Scout |
| 25:02 | Create | Camel Scout |
| 25:08 | Build | House |
| 25:19 | Build | Palisade Wall |
| 25:36 | Build | Palisade Gate |
| 25:38 | Create | Villager (Male) |
| 25:39 | Create | Villager (Male) |
| 25:59 | Research | Chain Barding Armor |
| 26:05 | Build | Farm |
| 26:24 | Build | Town Center |
| 26:28 | Create | Villager (Male) |
| 26:30 | Create | Villager (Male) |
| 26:38 | Create | Camel Scout |
| 26:38 | Create | Camel Scout |
| 26:44 | Build | Farm |
| 27:02 | Build | Farm |
| 27:13 | Research | Bloodlines |
| 27:39 | Create | Villager (Male) |
| 27:42 | Build | Farm |
| 28:00 | Create | Camel Scout |
| 28:01 | Create | Camel Scout |
| 28:01 | Create | Camel Scout |
| 28:13 | Create | Villager (Male) |
| 28:13 | Create | Villager (Male) |
| 28:42 | Create | Camel Scout |
| 28:43 | Create | Camel Scout |
| 28:49 | Create | Camel Scout |
| 28:59 | Build | Farm |
| 29:01 | Create | Villager (Male) |
| 29:02 | Create | Villager (Male) |
Build order — PePão
First 150 of 262 actions detected
| 0:02 | Create | Villager (Male) ×4 |
| 0:04 | Build | House |
| 0:06 | Build | House |
| 1:27 | Create | Villager (Male) |
| 1:50 | Create | Villager (Male) |
| 1:55 | Build | Mule Cart |
| 2:26 | Create | Villager (Male) |
| 3:05 | Create | Villager (Male) |
| 3:05 | Create | Villager (Male) |
| 3:15 | Build | House |
| 4:00 | Create | Villager (Male) |
| 4:26 | Create | Villager (Male) |
| 4:26 | Create | Villager (Male) |
| 4:26 | Create | Villager (Male) |
| 4:59 | Create | Villager (Male) |
| 5:01 | Create | Villager (Male) |
| 5:35 | Build | House |
| 5:39 | Create | Villager (Male) |
| 6:06 | Create | Villager (Male) |
| 6:21 | Create | Villager (Male) |
| 6:48 | Create | Villager (Male) |
| 7:01 | Build | Mill |
| 7:20 | Create | Villager (Male) |
| 7:29 | Create | Villager (Male) |
| 7:37 | Build | House |
| 8:13 | Build | Barracks |
| 8:27 | Research | Feudal Age |
| 8:39 | Research | Loom |
| 9:23 | Build | House |
| 9:39 | Build | Mule Cart |
| 9:47 | Create | Militia |
| 9:47 | Create | Militia |
| 9:47 | Create | Militia |
| 9:54 | Create | Spearman |
| 9:57 | Create | Spearman |
| 10:19 | Build | Farm |
| 10:46 | Age | Feudal Age |
| 11:34 | Create | Villager (Male) |
| 11:36 | Create | Villager (Male) |
| 11:42 | Research | Man-at-Arms (upgrade) |
| 12:10 | Create | Villager (Male) |
| 12:51 | Create | Villager (Male) |
| 12:55 | Build | Farm |
| 13:02 | Build | Farm |
| 13:03 | Build | Farm |
| 13:03 | Build | Farm |
| 13:03 | Build | Farm |
| 13:04 | Build | Farm |
| 13:07 | Research | Long Swordsman (upgrade) |
| 13:40 | Create | Villager (Male) |
| 13:42 | Create | Villager (Male) |
| 13:52 | Build | Farm |
| 13:53 | Build | Farm |
| 13:53 | Build | Farm |
| 13:53 | Build | Farm |
| 13:53 | Build | Farm |
| 14:02 | Build | Farm |
| 14:02 | Build | Farm |
| 14:14 | Build | House |
| 14:28 | Research | Arson |
| 14:40 | Build | Farm |
| 14:44 | Create | Villager (Male) |
| 15:28 | Create | Villager (Male) ×5 |
| 16:02 | Create | Militia |
| 16:04 | Create | Militia |
| 16:15 | Create | Militia |
| 16:37 | Build | House |
| 16:50 | Build | Palisade Gate |
| 17:29 | Create | Villager (Male) |
| 17:36 | Build | Market |
| 17:38 | Build | Blacksmith |
| 17:42 | Create | Militia |
| 17:43 | Create | Militia |
| 18:45 | Create | Villager (Male) ×5 |
| 18:50 | Research | Castle Age |
| 20:17 | Research | Wheelbarrow |
| 20:32 | Create | Militia ×5 |
| 21:30 | Age | Castle Age |
| 21:32 | Build | House |
| 21:42 | Build | Town Center |
| 21:44 | Build | Farm |
| 21:44 | Build | Farm |
| 21:45 | Build | Farm |
| 21:45 | Build | Farm |
| 21:45 | Build | Farm |
| 21:46 | Build | Farm |
| 22:02 | Research | Two-Handed Swordsman (upgrade) |
| 22:16 | Create | Villager (Male) ×5 |
| 22:36 | Build | Monastery |
| 22:55 | Build | Monastery |
| 23:26 | Research | Double-Bit Axe |
| 23:42 | Research | Horse Collar |
| 23:48 | Build | House |
| 23:53 | Build | House |
| 24:17 | Create | Warrior Priest |
| 24:21 | Create | Monk |
| 24:23 | Create | Monk |
| 24:26 | Create | Monk |
| 25:28 | Create | Villager (Male) ×5 |
| 25:30 | Create | Villager (Male) ×5 |
| 26:10 | Create | Villager (Male) ×5 |
| 26:18 | Build | Farm |
| 26:30 | Build | Farm |
| 26:50 | Build | House |
| 26:51 | Build | House |
| 26:59 | Build | Palisade Wall |
| 27:07 | Build | Mule Cart |
| 27:17 | Build | House |
| 27:19 | Build | House |
| 27:28 | Build | Palisade Gate |
| 27:40 | Build | Farm |
| 27:41 | Build | Farm |
| 27:41 | Build | Farm |
| 27:41 | Build | Farm |
| 27:42 | Build | Farm |
| 27:43 | Build | Farm |
| 27:45 | Build | Farm |
| 27:56 | Build | Farm |
| 28:08 | Build | Mule Cart |
| 28:39 | Research | Pikeman (upgrade) |
| 28:41 | Research | Squires |
| 28:45 | Create | Villager (Male) ×5 |
| 28:50 | Research | Hand Cart |
| 29:07 | Build | Palisade Wall |
| 29:23 | Build | Mule Cart |
| 29:46 | Build | House |
| 29:46 | Build | House |
| 29:46 | Build | House |
| 29:46 | Build | House |
| 29:47 | Build | House |
| 29:50 | Build | House |
| 29:52 | Create | Villager (Male) |
| 29:54 | Create | Villager (Male) ×5 |
| 30:00 | Build | House |
| 30:02 | Build | House |
| 30:06 | Build | House |
| 30:07 | Build | House |
| 30:09 | Build | House |
| 30:10 | Create | Villager (Male) ×5 |
| 30:29 | Research | Halberdier (upgrade) |
| 30:35 | Create | Militia |
| 30:36 | Create | Militia |
| 31:26 | Build | Castle |
| 31:34 | Build | Stone Wall |
| 31:47 | Build | Farm |
| 32:44 | Create | Villager (Male) ×5 |
| 32:44 | Create | Villager (Male) ×5 |
| 32:45 | Create | Villager (Male) ×5 |
| 32:45 | Create | Villager (Male) ×5 |
| 32:46 | Create | Villager (Male) ×5 |
Build order — Nbzinho
First 150 of 177 actions detected
| 0:01 | Create | Villager (Male) |
| 0:01 | Create | Villager (Male) |
| 0:02 | Create | Villager (Male) |
| 0:02 | Create | Villager (Male) |
| 0:03 | Build | House |
| 0:05 | Build | House |
| 1:32 | Create | Villager (Male) |
| 1:55 | Build | Lumber Camp |
| 1:57 | Create | Villager (Male) |
| 2:34 | Create | Villager (Male) |
| 3:05 | Build | House |
| 3:06 | Create | Villager (Male) |
| 3:07 | Create | Villager (Male) |
| 3:43 | Create | Villager (Male) |
| 4:02 | Build | Mill |
| 4:05 | Create | Villager (Male) |
| 4:36 | Create | Villager (Male) |
| 5:26 | Create | Villager (Male) |
| 5:36 | Create | Villager (Male) |
| 5:59 | Create | Villager (Male) |
| 6:06 | Build | Mining Camp |
| 6:15 | Create | Villager (Male) |
| 6:51 | Create | Villager (Male) |
| 7:25 | Create | Villager (Male) |
| 7:33 | Build | House |
| 7:41 | Research | Loom |
| 7:53 | Create | Villager (Male) |
| 8:14 | Create | Villager (Male) |
| 8:55 | Research | Feudal Age |
| 9:07 | Build | Lumber Camp |
| 9:56 | Build | Barracks |
| 10:10 | Build | House |
| 10:54 | Build | House |
| 11:06 | Age | Feudal Age |
| 11:09 | Research | Double-Bit Axe |
| 11:11 | Create | Villager (Male) |
| 11:12 | Create | Villager (Male) |
| 11:23 | Build | Archery Range |
| 11:28 | Build | Archery Range |
| 11:46 | Create | Villager (Male) |
| 11:57 | Create | Spearman |
| 12:01 | Create | Archer |
| 12:01 | Create | Archer |
| 12:05 | Build | House |
| 12:06 | Build | House |
| 12:26 | Create | Villager (Male) |
| 12:27 | Create | Villager (Male) |
| 12:35 | Build | Blacksmith |
| 12:38 | Build | House |
| 12:45 | Create | Archer ×5 |
| 13:07 | Build | Mining Camp |
| 13:17 | Create | Villager (Male) |
| 13:18 | Create | Villager (Male) |
| 14:33 | Research | Padded Archer Armor |
| 14:52 | Build | Watch Tower |
| 15:25 | Create | Villager (Male) |
| 15:25 | Create | Villager (Male) |
| 16:04 | Create | Villager (Male) |
| 16:05 | Create | Villager (Male) |
| 16:07 | Build | Farm |
| 16:07 | Build | Farm |
| 16:08 | Build | Farm |
| 16:08 | Build | Farm |
| 16:12 | Build | Farm |
| 16:13 | Build | Farm |
| 16:19 | Build | Mining Camp |
| 16:23 | Build | Farm |
| 16:26 | Create | Villager (Male) |
| 16:32 | Build | Farm |
| 16:39 | Build | Farm |
| 16:41 | Build | Farm |
| 16:46 | Build | Farm |
| 16:55 | Build | Farm |
| 17:28 | Create | Villager (Male) |
| 17:33 | Research | Gold Mining |
| 18:36 | Build | Farm |
| 18:38 | Build | Farm |
| 18:46 | Build | Stone Wall |
| 18:50 | Create | Villager (Male) |
| 18:52 | Research | Fletching |
| 19:16 | Create | Villager (Male) |
| 19:18 | Build | Farm |
| 19:30 | Build | Stone Wall |
| 19:32 | Build | Stone Wall |
| 19:38 | Build | House |
| 19:40 | Build | House |
| 19:42 | Build | House |
| 19:44 | Build | House |
| 19:56 | Build | Farm |
| 19:58 | Create | Villager (Male) |
| 20:00 | Research | Wheelbarrow |
| 20:34 | Build | Farm |
| 21:39 | Build | Stone Wall |
| 21:41 | Create | Villager (Male) |
| 21:41 | Create | Villager (Male) |
| 22:17 | Build | Stone Wall |
| 22:20 | Build | Farm |
| 22:23 | Research | Castle Age |
| 25:11 | Age | Castle Age |
| 25:17 | Research | Hand Cart |
| 25:53 | Build | Gate |
| 27:08 | Build | Stone Wall |
| 27:19 | Build | Town Center |
| 30:01 | Create | Villager (Male) |
| 30:02 | Create | Villager (Male) |
| 30:02 | Create | Villager (Male) |
| 30:02 | Create | Villager (Male) |
| 30:54 | Build | Farm |
| 31:01 | Build | Town Center |
| 31:03 | Create | Villager (Male) |
| 31:03 | Create | Villager (Male) |
| 31:11 | Research | Bow Saw |
| 32:10 | Build | Farm |
| 32:13 | Create | Villager (Male) |
| 32:13 | Create | Villager (Male) |
| 32:13 | Create | Villager (Male) |
| 32:28 | Build | Town Center |
| 32:43 | Build | Farm |
| 32:47 | Create | Villager (Male) |
| 32:48 | Create | Villager (Male) |
| 32:48 | Create | Villager (Male) |
| 32:48 | Create | Villager (Male) |
| 33:23 | Build | Stone Wall |
| 33:27 | Build | Farm |
| 34:42 | Create | Villager (Male) |
| 34:43 | Create | Villager (Male) |
| 34:47 | Create | Villager (Male) |
| 34:48 | Create | Villager (Male) |
| 34:48 | Create | Villager (Male) |
| 34:49 | Create | Villager (Male) |
| 34:49 | Create | Villager (Male) |
| 34:49 | Create | Villager (Male) |
| 34:49 | Create | Villager (Male) |
| 35:29 | Research | Leather Archer Armor |
| 36:07 | Build | Mining Camp |
| 36:16 | Create | Villager (Male) |
| 36:16 | Create | Villager (Male) |
| 36:30 | Build | Farm |
| 36:32 | Create | Villager (Male) |
| 36:37 | Create | Villager (Male) |
| 36:37 | Create | Villager (Male) |
| 36:38 | Create | Villager (Male) |
| 36:49 | Build | Farm |
| 37:02 | Create | Villager (Male) |
| 37:02 | Create | Villager (Male) |
| 37:02 | Create | Villager (Male) |
| 37:17 | Build | Farm |
| 37:29 | Create | Villager (Male) |
| 37:29 | Create | Villager (Male) |
| 37:30 | Create | Villager (Male) |
Build order — Kaizen1554
53 actions detected in the replay
| 0:01 | Create | Villager (Male) |
| 0:02 | Create | Villager (Male) |
| 0:05 | Build | House |
| 0:07 | Build | House |
| 0:15 | Create | Villager (Male) |
| 0:15 | Create | Villager (Male) |
| 1:37 | Create | Villager (Male) |
| 2:00 | Create | Villager (Male) |
| 2:00 | Create | Villager (Male) |
| 2:38 | Create | Villager (Male) |
| 3:35 | Create | Villager (Male) |
| 5:02 | Create | Villager (Male) |
| 5:02 | Create | Villager (Male) |
| 5:02 | Create | Villager (Male) |
| 5:03 | Create | Villager (Male) |
| 5:03 | Create | Villager (Male) |
| 5:03 | Create | Villager (Male) |
| 5:03 | Create | Villager (Male) |
| 5:16 | Build | House |
| 5:29 | Create | Villager (Male) |
| 6:03 | Build | Lumber Camp |
| 6:45 | Create | Villager (Male) |
| 6:46 | Create | Villager (Male) |
| 6:46 | Create | Villager (Male) |
| 6:46 | Create | Villager (Male) |
| 8:14 | Build | Mill |
| 9:03 | Research | Feudal Age |
| 10:43 | Create | Villager (Male) ×5 |
| 10:43 | Create | Villager (Male) ×3 |
| 10:43 | Create | Villager (Male) ×3 |
| 11:24 | Build | Barracks |
| 11:48 | Build | House |
| 11:50 | Build | House |
| 12:03 | Research | Wheelbarrow |
| 12:15 | Build | Archery Range |
| 12:27 | Build | Archery Range |
| 12:30 | Create | Spearman |
| 12:31 | Create | Spearman |
| 12:31 | Create | Spearman |
| 13:27 | Build | Archery Range |
| 14:01 | Create | Skirmisher |
| 14:01 | Create | Skirmisher |
| 14:01 | Create | Skirmisher |
| 14:01 | Create | Skirmisher |
| 14:10 | Build | Market |
| 14:21 | Build | Stable |
| 14:30 | Create | Skirmisher |
| 14:31 | Create | Skirmisher |
| 14:31 | Create | Skirmisher |
| 15:00 | Build | Watch Tower |
| 15:24 | Create | Skirmisher |
| 15:24 | Create | Skirmisher |
| 15:29 | Build | House |
Build order — urso
First 150 of 282 actions detected
| 0:02 | Create | Villager (Male) |
| 0:02 | Create | Villager (Male) |
| 0:03 | Create | Villager (Male) |
| 0:03 | Create | Villager (Male) |
| 0:05 | Build | House |
| 0:07 | Build | House |
| 1:29 | Create | Villager (Male) |
| 1:51 | Build | Lumber Camp |
| 2:11 | Create | Villager (Male) |
| 2:34 | Create | Villager (Male) |
| 2:58 | Create | Villager (Male) |
| 3:13 | Create | Villager (Male) |
| 3:45 | Create | Villager (Male) |
| 3:50 | Build | House |
| 3:53 | Create | Villager (Male) |
| 4:20 | Create | Villager (Male) |
| 4:25 | Build | House |
| 4:30 | Build | Palisade Wall |
| 4:49 | Create | Villager (Male) |
| 5:24 | Create | Villager (Male) |
| 5:53 | Create | Villager (Male) |
| 6:07 | Build | Mill |
| 6:09 | Create | Villager (Male) |
| 6:29 | Create | Villager (Male) |
| 6:37 | Build | Palisade Wall |
| 6:57 | Create | Villager (Male) |
| 7:16 | Build | Mill |
| 7:22 | Create | Villager (Male) |
| 7:44 | Create | Villager (Male) |
| 8:02 | Research | Loom |
| 8:04 | Build | Mining Camp |
| 8:41 | Research | Feudal Age |
| 8:57 | Build | Farm |
| 9:33 | Build | House |
| 9:59 | Create | Villager (Male) |
| 10:08 | Build | House |
| 10:41 | Build | Palisade Wall |
| 11:01 | Age | Feudal Age |
| 11:11 | Build | Market |
| 11:14 | Build | Blacksmith |
| 11:22 | Create | Villager (Male) |
| 11:24 | Build | Farm |
| 11:44 | Build | Palisade Wall |
| 11:48 | Build | House |
| 12:06 | Build | Palisade Wall |
| 12:28 | Research | Castle Age |
| 12:44 | Build | House |
| 12:56 | Build | Palisade Wall |
| 12:58 | Build | House |
| 13:04 | Build | Palisade Wall |
| 13:15 | Build | House |
| 14:03 | Research | Horse Collar |
| 14:14 | Build | House |
| 14:15 | Research | Double-Bit Axe |
| 15:07 | Research | Wheelbarrow |
| 15:08 | Age | Castle Age |
| 15:20 | Build | Monastery |
| 15:33 | Create | Villager (Male) |
| 15:44 | Build | Town Center |
| 15:58 | Build | House |
| 16:03 | Create | Monk |
| 16:31 | Build | Palisade Gate |
| 16:54 | Create | Villager (Male) |
| 16:58 | Create | Monk |
| 17:02 | Build | Farm |
| 17:05 | Create | Villager (Male) |
| 17:21 | Create | Villager (Male) |
| 17:24 | Build | Farm |
| 17:50 | Create | Monk |
| 18:02 | Create | Villager (Male) |
| 18:02 | Create | Villager (Male) |
| 18:04 | Create | Villager (Male) |
| 18:15 | Build | Farm |
| 18:30 | Build | Barracks |
| 18:45 | Build | Palisade Wall |
| 18:48 | Build | Farm |
| 18:51 | Create | Villager (Male) |
| 18:52 | Create | Villager (Male) |
| 19:16 | Create | Villager (Male) |
| 19:17 | Create | Villager (Male) |
| 19:21 | Build | Farm |
| 19:21 | Build | Farm |
| 19:21 | Build | Farm |
| 19:22 | Build | Farm |
| 19:25 | Create | Villager (Male) |
| 19:40 | Create | Villager (Male) |
| 19:58 | Create | Villager (Male) |
| 19:58 | Create | Villager (Male) |
| 20:36 | Create | Villager (Male) |
| 20:37 | Create | Villager (Male) |
| 20:40 | Build | Farm |
| 20:40 | Build | Farm |
| 20:48 | Build | Town Center |
| 20:50 | Create | Villager (Male) |
| 21:00 | Create | Villager (Male) |
| 21:02 | Create | Villager (Male) |
| 21:08 | Create | Monk |
| 21:44 | Create | Villager (Male) |
| 21:45 | Create | Villager (Male) |
| 21:47 | Build | Farm |
| 21:47 | Build | Farm |
| 21:49 | Build | Farm |
| 21:51 | Create | Villager (Male) |
| 21:51 | Create | Villager (Male) |
| 22:35 | Create | Villager (Male) |
| 22:36 | Create | Villager (Male) |
| 22:37 | Create | Villager (Male) |
| 22:38 | Create | Villager (Male) |
| 22:45 | Research | Gold Mining |
| 22:51 | Build | Farm |
| 22:51 | Build | Farm |
| 22:52 | Build | Farm |
| 22:52 | Build | Farm |
| 22:52 | Build | Farm |
| 22:52 | Build | Farm |
| 22:53 | Build | Farm |
| 22:53 | Build | Farm |
| 22:56 | Create | Villager (Male) |
| 23:17 | Research | Fervor |
| 23:20 | Create | Villager (Male) |
| 23:20 | Create | Villager (Male) |
| 23:21 | Create | Villager (Male) |
| 23:22 | Create | Villager (Male) |
| 23:28 | Create | Villager (Male) |
| 23:28 | Create | Villager (Male) |
| 23:37 | Build | Farm |
| 23:38 | Build | Farm |
| 23:47 | Build | Town Center |
| 23:56 | Build | University |
| 23:58 | Build | Barracks |
| 23:59 | Build | Barracks |
| 24:02 | Create | Villager (Male) |
| 24:03 | Create | Villager (Male) |
| 24:03 | Create | Villager (Male) |
| 24:03 | Create | Villager (Male) |
| 24:04 | Create | Villager (Male) |
| 24:04 | Create | Villager (Male) |
| 24:08 | Create | Villager (Male) |
| 24:13 | Build | Farm |
| 24:20 | Create | Villager (Male) |
| 24:46 | Create | Monk |
| 25:02 | Create | Monk |
| 25:17 | Research | Pikeman (upgrade) |
| 25:21 | Create | Spearman ×5 |
| 25:26 | Build | House |
| 25:27 | Build | House |
| 25:31 | Build | Farm |
| 25:33 | Build | Farm |
| 25:34 | Build | Farm |
| 25:36 | Create | Villager (Male) |
Build order — TrozObA
91 actions detected in the replay
| 0:03 | Create | Villager (Male) |
| 0:03 | Create | Villager (Male) |
| 0:05 | Build | House |
| 0:07 | Build | House |
| 0:14 | Create | Villager (Male) |
| 0:14 | Create | Villager (Male) |
| 1:49 | Create | Villager (Male) |
| 1:56 | Build | Lumber Camp |
| 1:58 | Create | Villager (Male) |
| 2:26 | Create | Villager (Male) |
| 2:59 | Create | Villager (Male) |
| 2:59 | Create | Villager (Male) |
| 3:45 | Create | Villager (Male) |
| 3:53 | Build | House |
| 3:54 | Build | House |
| 4:02 | Create | Villager (Male) |
| 4:46 | Create | Villager (Male) |
| 5:02 | Create | Villager (Male) |
| 5:02 | Create | Villager (Male) |
| 5:06 | Create | Villager (Male) |
| 5:10 | Create | Villager (Male) |
| 5:15 | Build | Mining Camp |
| 5:30 | Build | Mill |
| 6:34 | Create | Villager (Male) |
| 6:34 | Research | Loom |
| 6:47 | Build | House |
| 6:52 | Build | Palisade Wall |
| 7:18 | Build | Mining Camp |
| 7:46 | Research | Feudal Age |
| 8:02 | Build | Palisade Wall |
| 8:34 | Build | Barracks |
| 8:55 | Create | Villager (Male) |
| 8:55 | Create | Villager (Male) |
| 9:36 | Build | House |
| 9:39 | Create | Villager (Male) |
| 9:56 | Age | Feudal Age |
| 9:59 | Build | Stable |
| 10:08 | Create | Villager (Male) |
| 10:08 | Create | Villager (Male) |
| 10:08 | Create | Villager (Male) |
| 10:19 | Build | House |
| 10:22 | Build | Palisade Wall |
| 10:24 | Build | Palisade Wall |
| 10:40 | Build | Palisade Wall |
| 11:23 | Create | Scout Cavalry |
| 11:24 | Create | Scout Cavalry |
| 11:24 | Create | Scout Cavalry |
| 11:24 | Create | Scout Cavalry |
| 11:32 | Build | House |
| 12:16 | Build | Farm |
| 12:16 | Build | Farm |
| 12:17 | Build | Farm |
| 12:17 | Build | Farm |
| 12:17 | Build | Farm |
| 12:17 | Build | Farm |
| 12:18 | Build | Farm |
| 12:18 | Build | Farm |
| 12:41 | Create | Scout Cavalry |
| 13:05 | Build | House |
| 13:12 | Build | Lumber Camp |
| 13:16 | Build | House |
| 13:44 | Build | Farm |
| 13:45 | Build | Farm |
| 13:45 | Build | Farm |
| 13:45 | Build | Farm |
| 13:51 | Create | Militia |
| 14:11 | Create | Villager (Male) |
| 14:11 | Create | Villager (Male) |
| 14:30 | Create | Villager (Male) |
| 15:02 | Build | Farm |
| 15:03 | Build | Farm |
| 15:03 | Build | Farm |
| 15:03 | Build | Farm |
| 15:04 | Build | Farm |
| 15:04 | Build | Farm |
| 15:04 | Build | Farm |
| 17:07 | Create | Villager (Male) |
| 17:07 | Create | Villager (Male) |
| 17:08 | Create | Villager (Male) |
| 17:47 | Build | House |
| 18:30 | Create | Villager (Male) |
| 18:30 | Create | Villager (Male) |
| 18:30 | Create | Villager (Male) |
| 18:31 | Create | Villager (Male) |
| 18:31 | Create | Villager (Male) |
| 18:48 | Create | Villager (Male) |
| 20:45 | Build | House |
| 20:49 | Build | House |
| 21:04 | Build | House |
| 21:07 | Build | House |
| 21:11 | Build | House |
Build order — Mr. Eko
149 actions detected in the replay
| 0:03 | Create | Villager (Male) |
| 0:04 | Research | Loom |
| 0:06 | Create | Villager (Male) |
| 0:07 | Build | House |
| 0:17 | Create | Villager (Male) |
| 0:18 | Create | Villager (Male) |
| 0:18 | Create | Villager (Male) |
| 1:35 | Create | Villager (Male) |
| 1:39 | Build | House |
| 2:04 | Create | Villager (Male) |
| 2:48 | Create | Villager (Male) |
| 3:16 | Create | Villager (Male) |
| 3:40 | Create | Villager (Male) |
| 3:47 | Build | House |
| 4:28 | Create | Villager (Male) |
| 5:00 | Build | Lumber Camp |
| 5:15 | Build | Mill |
| 5:17 | Create | Villager (Male) |
| 5:23 | Create | Villager (Male) |
| 5:38 | Create | Villager (Male) |
| 5:42 | Create | Villager (Male) |
| 5:47 | Create | Villager (Male) |
| 5:57 | Create | Villager (Male) |
| 6:06 | Create | Villager (Male) |
| 6:25 | Build | House |
| 6:26 | Build | House |
| 6:29 | Create | Villager (Male) |
| 7:09 | Create | Villager (Male) |
| 7:09 | Create | Villager (Male) |
| 8:10 | Create | Villager (Male) |
| 8:32 | Build | Mining Camp |
| 8:40 | Build | Palisade Wall |
| 8:52 | Build | House |
| 9:04 | Create | Villager (Male) |
| 9:25 | Build | House |
| 9:38 | Build | Mill |
| 10:01 | Build | Palisade Gate |
| 10:09 | Build | House |
| 10:11 | Build | House |
| 10:23 | Create | Villager (Male) |
| 10:28 | Research | Feudal Age |
| 11:01 | Build | Palisade Wall |
| 11:24 | Build | Palisade Wall |
| 11:33 | Create | Villager (Male) |
| 11:33 | Create | Villager (Male) |
| 11:39 | Build | Barracks |
| 11:52 | Build | Palisade Wall |
| 12:14 | Build | Palisade Wall |
| 12:31 | Create | Villager (Male) |
| 12:40 | Build | Palisade Wall |
| 12:58 | Age | Feudal Age |
| 12:59 | Build | Lumber Camp |
| 13:04 | Research | Double-Bit Axe |
| 13:05 | Create | Villager (Male) |
| 13:59 | Build | Stable |
| 14:24 | Build | Farm |
| 14:39 | Build | Market |
| 14:42 | Create | Villager (Male) |
| 14:45 | Build | Farm |
| 14:46 | Build | Farm |
| 15:17 | Build | Farm |
| 15:18 | Build | Farm |
| 15:19 | Build | Farm |
| 16:06 | Build | Farm |
| 16:07 | Build | Farm |
| 16:51 | Research | Castle Age |
| 17:23 | Build | Watch Tower |
| 17:32 | Build | Mining Camp |
| 17:41 | Research | Horse Collar |
| 17:44 | Research | Stone Mining |
| 19:29 | Create | Villager (Male) |
| 19:30 | Create | Villager (Male) |
| 19:31 | Age | Castle Age |
| 20:05 | Create | Villager (Male) |
| 20:06 | Create | Villager (Male) |
| 20:30 | Build | Castle |
| 20:57 | Build | Gate |
| 21:08 | Create | Villager (Male) |
| 21:08 | Create | Villager (Male) |
| 21:31 | Create | Villager (Male) |
| 21:42 | Create | Conquistador |
| 21:42 | Create | Conquistador |
| 22:28 | Create | Villager (Male) |
| 22:29 | Create | Villager (Male) |
| 22:46 | Build | University |
| 23:07 | Build | Watch Tower |
| 23:22 | Create | Conquistador |
| 23:22 | Create | Conquistador |
| 23:22 | Create | Conquistador |
| 23:50 | Build | House |
| 24:00 | Create | Conquistador |
| 24:01 | Create | Conquistador |
| 24:01 | Create | Conquistador |
| 24:55 | Create | Conquistador |
| 24:56 | Create | Conquistador |
| 25:05 | Create | Villager (Male) |
| 25:22 | Build | Farm |
| 25:25 | Build | Farm |
| 25:28 | Build | Farm |
| 25:33 | Build | Farm |
| 25:35 | Build | Farm |
| 25:40 | Research | Ballistics |
| 25:42 | Create | Conquistador |
| 25:53 | Build | Farm |
| 26:18 | Research | Husbandry |
| 26:26 | Create | Villager (Male) |
| 26:51 | Build | Monastery |
| 27:03 | Build | Monastery |
| 27:19 | Build | Stone Wall |
| 27:25 | Build | Stone Wall |
| 27:32 | Build | House |
| 27:33 | Create | Villager (Male) |
| 27:34 | Create | Villager (Male) |
| 27:46 | Create | Conquistador |
| 27:47 | Create | Conquistador |
| 27:52 | Build | House |
| 27:57 | Create | Monk |
| 28:16 | Build | Farm |
| 28:48 | Research | Bloodlines |
| 29:39 | Create | Villager (Male) |
| 29:40 | Create | Villager (Male) |
| 29:40 | Create | Villager (Male) |
| 29:40 | Create | Villager (Male) |
| 33:29 | Research | Imperial Age |
| 34:01 | Create | Villager (Male) |
| 34:03 | Research | Town Watch |
| 34:03 | Research | Wheelbarrow |
| 34:13 | Build | Blacksmith |
| 34:15 | Create | Conquistador |
| 34:16 | Create | Conquistador |
| 34:16 | Create | Conquistador |
| 35:23 | Create | Conquistador ×4 |
| 35:30 | Build | House |
| 35:32 | Build | House |
| 35:51 | Build | Barracks |
| 35:55 | Research | Forging |
| 36:15 | Build | Mill |
| 36:25 | Research | Pikeman (upgrade) |
| 36:39 | Age | Imperial Age |
| 36:41 | Create | Spearman |
| 36:42 | Create | Spearman |
| 38:10 | Create | Monk |
| 38:10 | Create | Monk |
| 38:14 | Create | Monk |
| 38:14 | Create | Monk |
| 38:20 | Research | Conscription |
| 38:21 | Create | Conquistador ×4 |
| 38:26 | Create | Spearman |
| 38:26 | Create | Spearman |
Build order — Ramagl
First 150 of 154 actions detected
| 0:04 | Build | House |
| 0:05 | Create | Villager (Male) ×4 |
| 0:06 | Build | House |
| 1:34 | Create | Villager (Male) |
| 1:51 | Build | Lumber Camp |
| 2:02 | Create | Villager (Male) |
| 2:27 | Create | Villager (Male) |
| 2:56 | Create | Villager (Male) |
| 3:08 | Research | Double-Bit Axe |
| 3:10 | Research | Loom |
| 3:43 | Create | Villager (Male) |
| 4:00 | Create | Villager (Male) |
| 4:13 | Build | House |
| 4:14 | Build | House |
| 4:29 | Create | Villager (Male) |
| 4:45 | Build | Mill |
| 4:57 | Create | Villager (Male) |
| 5:27 | Create | Villager (Male) |
| 5:51 | Create | Villager (Male) |
| 6:12 | Create | Villager (Male) |
| 6:16 | Create | Villager (Male) |
| 7:01 | Create | Villager (Male) |
| 7:01 | Create | Villager (Male) |
| 7:22 | Create | Villager (Male) |
| 7:24 | Create | Villager (Male) |
| 7:38 | Build | House |
| 7:46 | Build | Lumber Camp |
| 8:19 | Create | Villager (Male) |
| 8:20 | Create | Villager (Male) |
| 8:21 | Create | Villager (Male) |
| 9:04 | Build | Mining Camp |
| 9:27 | Build | Barracks |
| 9:52 | Research | Feudal Age |
| 10:10 | Research | Gold Mining |
| 10:46 | Create | Villager (Male) |
| 11:15 | Build | House |
| 11:18 | Build | House |
| 11:24 | Create | Villager (Male) |
| 11:33 | Research | Horse Collar |
| 11:59 | Build | Farm |
| 12:05 | Build | Farm |
| 12:12 | Age | Feudal Age |
| 12:17 | Build | Farm |
| 12:22 | Build | Stable |
| 12:27 | Build | Blacksmith |
| 12:34 | Build | Farm |
| 12:40 | Build | Farm |
| 12:46 | Build | Farm |
| 12:55 | Build | Farm |
| 13:03 | Create | Villager (Male) |
| 13:26 | Create | Villager (Male) |
| 13:32 | Build | Farm |
| 13:39 | Build | Farm |
| 13:47 | Create | Villager (Male) |
| 13:53 | Build | Farm |
| 14:07 | Build | Farm |
| 14:19 | Create | Villager (Male) |
| 14:25 | Build | Farm |
| 14:28 | Build | Farm |
| 14:40 | Build | Farm |
| 14:51 | Build | Farm |
| 15:01 | Create | Villager (Male) |
| 15:30 | Build | Farm |
| 15:37 | Research | Castle Age |
| 15:58 | Build | Stable |
| 16:11 | Research | Gold Shaft Mining |
| 16:38 | Build | House |
| 16:39 | Build | House |
| 16:40 | Build | House |
| 16:41 | Build | House |
| 16:51 | Research | Forging |
| 16:58 | Create | Villager (Male) |
| 17:00 | Create | Villager (Male) |
| 17:10 | Create | Villager (Male) |
| 17:19 | Create | Villager (Male) |
| 18:16 | Research | Scale Barding Armor |
| 18:17 | Age | Castle Age |
| 18:21 | Create | Knight ×2 |
| 18:32 | Create | Knight ×2 |
| 18:32 | Create | Knight |
| 18:46 | Build | Farm |
| 18:48 | Build | Farm |
| 18:50 | Build | Farm |
| 18:59 | Research | Cavalier (upgrade) |
| 19:07 | Build | Farm |
| 19:10 | Build | Farm |
| 19:16 | Research | Husbandry |
| 19:22 | Create | Knight |
| 19:34 | Create | Knight |
| 19:48 | Build | Town Center |
| 20:02 | Create | Knight ×2 |
| 20:05 | Create | Knight |
| 20:26 | Create | Villager (Male) |
| 20:27 | Create | Villager (Male) |
| 20:41 | Create | Villager (Male) |
| 20:42 | Create | Villager (Male) |
| 20:51 | Create | Knight ×2 |
| 21:07 | Create | Knight |
| 21:07 | Create | Knight |
| 21:12 | Build | Farm |
| 21:20 | Build | Farm |
| 21:23 | Create | Villager (Male) |
| 21:24 | Create | Villager (Male) |
| 21:26 | Create | Knight |
| 21:35 | Build | Farm |
| 21:41 | Build | Farm |
| 21:45 | Create | Knight ×2 |
| 22:03 | Build | Farm |
| 22:25 | Build | Farm |
| 22:29 | Research | Iron Casting |
| 23:11 | Create | Knight ×5 |
| 24:00 | Create | Knight ×2 |
| 24:46 | Research | Chain Barding Armor |
| 24:50 | Create | Knight |
| 26:41 | Research | Wheelbarrow |
| 26:52 | Create | Knight ×5 |
| 26:52 | Create | Knight ×2 |
| 27:34 | Create | Villager (Male) ×5 |
| 27:36 | Create | Villager (Male) ×5 |
| 27:42 | Build | House |
| 27:42 | Build | House |
| 27:43 | Build | House |
| 28:53 | Create | Knight ×5 |
| 28:53 | Create | Knight |
| 28:57 | Build | Farm |
| 29:08 | Build | Mining Camp |
| 32:04 | Build | University |
| 32:08 | Create | Villager (Male) ×5 |
| 32:47 | Build | Monastery |
| 32:50 | Create | Villager (Male) ×5 |
| 32:50 | Create | Villager (Male) ×5 |
| 33:08 | Research | Imperial Age |
| 33:16 | Create | Villager (Male) |
| 33:16 | Create | Villager (Male) |
| 33:23 | Build | Mining Camp |
| 33:58 | Build | Farm |
| 34:03 | Build | Farm |
| 34:05 | Build | Farm |
| 34:07 | Build | Farm |
| 34:25 | Create | Knight ×5 |
| 34:26 | Create | Knight ×5 |
| 35:30 | Build | Farm |
| 35:32 | Build | Farm |
| 36:15 | Create | Knight ×5 |
| 36:18 | Create | Knight |
| 36:34 | Age | Imperial Age |
| 36:41 | Research | Paladin (upgrade) |
| 37:57 | Build | Farm |
| 38:04 | Create | Villager (Male) ×5 |
| 38:12 | Research | Blast Furnace |
Match timeline
| 4:30 | urso · wall_segment Palisade Wall x1 |
| 6:37 | urso · wall_segment Palisade Wall x6 |
| 6:52 | TrozObA · wall_segment Palisade Wall x13 |
| 7:53 | kaisermaster · first_building Barracks |
| 8:02 | TrozObA · wall_segment Palisade Wall x9 |
| 8:13 | PePão · first_building Barracks |
| 8:34 | TrozObA · first_building Barracks |
| 8:38 | kaisermaster · wall_segment Palisade Wall x9 |
| 8:40 | Mr. Eko · wall_segment Palisade Wall x1 |
| 9:27 | Ramagl · first_building Barracks |
| 9:41 | kaisermaster · age_up feudal |
| 9:43 | kaisermaster · first_building Archery Range |
| 9:56 | TrozObA · age_up feudal |
| 9:56 | Nbzinho · first_building Barracks |
| 9:59 | TrozObA · first_building Stable |
| 10:22 | TrozObA · wall_segment Palisade Wall x17 |
| 10:24 | TrozObA · wall_segment Palisade Wall x1 |
| 10:40 | TrozObA · wall_segment Palisade Wall x11 |
| 10:41 | urso · wall_segment Palisade Wall x5 |
| 10:46 | PePão · age_up feudal |
| 11:01 | urso · age_up feudal |
| 11:01 | Mr. Eko · wall_segment Palisade Wall x6 |
| 11:06 | Nbzinho · age_up feudal |
| 11:23 | Nbzinho · first_building Archery Range |
| 11:24 | Kaizen1554 · first_building Barracks |
| 11:24 | Mr. Eko · wall_segment Palisade Wall x7 |
| 11:39 | Mr. Eko · first_building Barracks |
| 11:44 | urso · wall_segment Palisade Wall x6 |
| 11:52 | Mr. Eko · wall_segment Palisade Wall x4 |
| 12:06 | urso · wall_segment Palisade Wall x1 |
| 12:12 | Ramagl · age_up feudal |
| 12:14 | Mr. Eko · wall_segment Palisade Wall x8 |
| 12:15 | Kaizen1554 · first_building Archery Range |
| 12:22 | Ramagl · first_building Stable |
| 12:27 | urso · first_market_buy 100 food |
| 12:27 | urso · first_market_sell 100 wood |
| 12:40 | Mr. Eko · wall_segment Palisade Wall x11 |
| 12:56 | urso · wall_segment Palisade Wall x7 |
| 12:58 | Mr. Eko · age_up feudal |
| 13:04 | urso · wall_segment Palisade Wall x25 |
| 13:59 | Mr. Eko · first_building Stable |
| 14:21 | Kaizen1554 · first_building Stable |
| 15:08 | urso · age_up castle |
| 15:20 | urso · first_building Monastery |
| 15:40 | Kaizen1554 · resign |
| 16:39 | kaisermaster · wall_segment Palisade Wall x5 |
| 18:17 | Ramagl · age_up castle |
| 18:30 | urso · first_building Barracks |
| 18:45 | urso · wall_segment Palisade Wall x1 |
| 18:46 | Nbzinho · wall_segment Stone Wall x8 |
| 19:30 | Nbzinho · wall_segment Stone Wall x14 |
| 19:31 | Mr. Eko · age_up castle |
| 19:32 | kaisermaster · first_building Stable |
| 19:32 | Nbzinho · wall_segment Stone Wall x8 |
| 20:30 | Mr. Eko · first_building Castle |
| 21:15 | kaisermaster · wall_segment Palisade Wall x5 |
| 21:24 | kaisermaster · wall_segment Palisade Wall x11 |
| 21:30 | PePão · age_up castle |
| 21:32 | kaisermaster · wall_segment Palisade Wall x10 |
| 21:37 | kaisermaster · wall_segment Palisade Wall x8 |
| 21:39 | Nbzinho · wall_segment Stone Wall x23 |
| 22:17 | Nbzinho · wall_segment Stone Wall x8 |
| 22:36 | PePão · first_building Monastery |
| 22:41 | kaisermaster · age_up castle |
| 22:57 | Mr. Eko · first_market_sell 100 wood |
| 22:58 | Mr. Eko · first_market_buy 100 stone |
| 25:11 | Nbzinho · age_up castle |
| 25:19 | kaisermaster · wall_segment Palisade Wall x1 |
| 26:04 | urso · first_building Castle |
| 26:51 | Mr. Eko · first_building Monastery |
| 26:59 | PePão · wall_segment Palisade Wall x12 |
| 27:08 | Nbzinho · wall_segment Stone Wall x4 |
| 27:19 | Mr. Eko · wall_segment Stone Wall x6 |
| 27:25 | Mr. Eko · wall_segment Stone Wall x8 |
| 29:07 | PePão · wall_segment Palisade Wall x6 |
| 30:49 | urso · tribute_sent a jugador 1 |
| 30:49 | urso · tribute_sent a jugador 2 |
| 30:49 | urso · tribute_sent a jugador 3 |
| 30:49 | urso · tribute_sent a jugador 4 |
| 30:49 | urso · tribute_sent a jugador 6 |
| 30:49 | urso · tribute_sent a jugador 7 |
| 30:49 | urso · tribute_sent a jugador 8 |
| 31:26 | PePão · first_building Castle |
| 31:34 | PePão · wall_segment Stone Wall x1 |
| 32:47 | Ramagl · first_building Monastery |
| 33:23 | Nbzinho · wall_segment Stone Wall x13 |
| 33:49 | urso · age_up imperial |
| 33:54 | Mr. Eko · tribute_sent a jugador 1 |
| 33:54 | Mr. Eko · tribute_sent a jugador 2 |
| 33:54 | Mr. Eko · tribute_sent a jugador 3 |
| 33:54 | Mr. Eko · tribute_sent a jugador 4 |
| 33:54 | Mr. Eko · tribute_sent a jugador 5 |
| 33:54 | Mr. Eko · tribute_sent a jugador 6 |
| 33:54 | Mr. Eko · tribute_sent a jugador 8 |
| 36:34 | Ramagl · age_up imperial |
| 36:39 | Mr. Eko · age_up imperial |
| 37:26 | PePão · tribute_sent a jugador 2 |
| 37:26 | PePão · tribute_sent a jugador 3 |
| 37:26 | PePão · tribute_sent a jugador 4 |
| 37:26 | PePão · tribute_sent a jugador 5 |
| 37:26 | PePão · tribute_sent a jugador 6 |
| 37:26 | PePão · tribute_sent a jugador 7 |
| 37:26 | PePão · tribute_sent a jugador 8 |
[ AI ANALYSIS · 1 CREDIT ]
What really happened in this match?
Wolo.gg analyzes every decision: build order, eco, micro, common mistakes by bracket. Personalized analysis on WhatsApp or Discord in 30 seconds.
Civ guide
Mongols
Perfil
Jugador #2903403